[Event "Titled Tuesday Blitz May 2 Late 2023"]
[White "Henriquez Villagra, Cristobal"]
[Black "Nazari, Arad"]
[WhiteFideId "3409350"]
[BlackFideId "12577324"]
[WhiteElo "2542"]
[BlackElo "2242"]
[Result "1-0"]
[Round "03"]
[TimeControl "180+2"]
[Date "2023.05.02"]
[WhiteClock "0:00:35"]
[BlackClock "0:00:11"]

1. e4 c5 2. Nf3 d6 3. Bb5+ Nd7 4. a4 Nf6 5. Nc3 e6 6. O-O Be7 7. d4 O-O 8. d5 e5 9. a5 a6 10. Be2 Ne8 11. Nd2 f5 12. exf5 Rxf5 13. Nc4 Rf8 14. Ra4 Rb8 15. f4 exf4 16. Bxf4 b5 17. axb6 Nxb6 18. Nxb6 Rxb6 19. b3 Rb4 20. Rxb4 cxb4 21. Ne4 Qb6+ 22. Kh1 Nf6 23. Ng5 Qc5 24. Bc4 a5 25. Qe1 Bd8 26. Ne6 Bxe6 27. Qxe6+ Rf7 28. Bxd6 Qd4 29. Bc5 Qxc5 30. d6 Qh5 31. d7 Kf8 32. g4 Qg6 33. g5 1-0


[Site "https://www.chess.com"]

[Event "Titled Tuesday Blitz May 2 Late 2023"]
[White "Khripachenko, Alexander"]
[Black "Hansen, Eric"]
[WhiteFideId "54184975"]
[BlackFideId "2606771"]
[WhiteElo "2374"]
[BlackElo "2561"]
[Result "1/2-1/2"]
[Round "03"]
[TimeControl "180+2"]
[Date "2023.05.02"]
[WhiteClock "0:00:05"]
[BlackClock "0:00:02"]

1. e4 b6 2. d4 Bb7 3. Bd3 g6 4. Nf3 Bg7 5. O-O e6 6. Re1 d6 7. Nbd2 Ne7 8. Nf1 Nd7 9. h4 h6 10. Ng3 a6 11. c3 O-O 12. Bc2 b5 13. a4 bxa4 14. Rxa4 a5 15. Be3 Nb6 16. Ra2 Nc4 17. Bc1 e5 18. Bd3 Nb6 19. dxe5 dxe5 20. Be3 Kh7 21. Bc5 Re8 22. Qe2 Nec8 23. h5 Nd6 24. hxg6+ fxg6 25. Rd1 Qf6 26. Bc2 Bf8 27. Nh2 Red8 28. Raa1 Ba6 29. Bd3 Bxd3 30. Rxd3 Qe6 31. Rad1 Be7 32. Ng4 Nf7 33. Bxe7 Rxd3 34. Rxd3 Qxe7 35. Ne3 Qe6 36. Ngf1 Kg7 37. Nd2 a4 38. Nf3 Re8 39. Nd5 Qc6 40. Nxb6 Qxb6 41. Rd5 Rb8 42. Nxe5 Nxe5 43. Rxe5 Qxb2 44. Qxb2 Rxb2 45. Re7+ Kf6 46. Rxc7 a3 47. Ra7 a2 48. Kh2 Rxf2 49. Kg3 Rc2 50. Kf4 g5+ 51. Kg4 Rxg2+ 52. Kf3 Rc2 53. Ra6+ Ke5 54. Ra5+ Kd6 55. Ra6+ Kc5 56. Ra8 Kc4 57. e5 Kxc3 58. e6 g4+ 59. Kxg4 Re2 60. e7 Kb2 61. Rb8+ Kc1 62. Rc8+ Kb1 63. Rb8+ Kc1 64. Rc8+ Kd1 65. Rd8+ Kc1 66. Rc8+ 1/2-1/2


[Site "https://www.chess.com"]

[Event "Titled Tuesday Blitz May 2 Late 2023"]
[White "Madaminov, Mukhiddin"]
[Black "Martinez Ramirez, Lennis"]
[WhiteFideId "14210703"]
[BlackFideId "3509079"]
[WhiteElo "2511"]
[BlackElo "2410"]
[Result "1-0"]
[Round "03"]
[TimeControl "180+2"]
[Date "2023.05.02"]
[WhiteClock "0:00:53"]
[BlackClock "0:00:07"]

1. d4 d5 2. Nc3 Nf6 3. Bf4 c6 4. e3 b5 5. Nf3 Bg4 6. h3 Bxf3 7. Qxf3 e6 8. g4 Bb4 9. Bd3 Qa5 10. g5 Bxc3+ 11. bxc3 Qxc3+ 12. Ke2 Ne4 13. Bxe4 dxe4 14. Qxe4 O-O 15. a4 Nd7 16. Qd3 Qb4 17. Rhb1 Qe7 18. axb5 cxb5 19. Rxb5 Rfc8 20. Rb7 e5 21. dxe5 Rd8 22. Raxa7 Rxa7 23. Rxa7 Qe6 24. e4 Qe8 25. Qb5 Qe6 26. Qb3 Qe8 27. Kf3 Nc5 28. Qc4 Ne6 29. Be3 Rc8 30. Qa4 Qd8 31. Qd7 Qf8 32. Qd3 h6 33. gxh6 g5 34. Qd7 Rd8 35. h7+ Kg7 36. h8=Q+ Kxh8 37. Qxf7 Qh6 38. Qf6+ Qxf6+ 39. exf6 Rf8 40. e5 Rc8 41. Ke4 g4 42. hxg4 1-0


[Site "https://www.chess.com"]

[Event "Titled Tuesday Blitz May 2 Late 2023"]
[White "Stearman, Josiah"]
[Black "Kramnik, Vladimir"]
[WhiteFideId "2062496"]
[BlackFideId "4101588"]
[WhiteElo "2393"]
[BlackElo "2712"]
[Result "0-1"]
[Round "03"]
[TimeControl "180+2"]
[Date "2023.05.02"]
[WhiteClock "0:00:03"]
[BlackClock "0:00:38"]

1. e4 c5 2. Nc3 e6 3. g3 Nc6 4. Bg2 Nf6 5. d3 Be7 6. Nge2 O-O 7. O-O Rb8 8. d4 cxd4 9. Nxd4 d6 10. Be3 a6 11. Nxc6 bxc6 12. e5 dxe5 13. Bxc6 Rxb2 14. Na4 Qc7 15. Nxb2 Qxc6 16. Nd3 Bb7 17. f3 Ng4 18. Qe2 e4 19. Nb4 Bxb4 20. fxg4 a5 21. Rab1 Ba6 22. c4 Qxc4 23. Qf2 Qd5 24. Rfd1 Bd3 25. Rdc1 Bxb1 26. Rxb1 h6 27. Rc1 Rd8 28. Kg2 f6 29. Rc7 Rd7 30. Rc8+ Kh7 31. Kh3 h5 32. Qf4 Bd6 33. Qf1 Qd3 34. Qf2 hxg4+ 35. Kxg4 Qd1+ 36. Kh4 Be5 37. g4 Qf3 38. Qe1 g5+ 39. Bxg5 fxg5+ 40. Kxg5 Qf6+ 0-1


[Site "https://www.chess.com"]

[Event "Titled Tuesday Blitz May 2 Late 2023"]
[White "Grigoriants, Sergey"]
[Black "Mihajlov, Sebastian"]
[WhiteFideId "4130804"]
[BlackFideId "1512110"]
[WhiteElo "2502"]
[BlackElo "2478"]
[Result "1/2-1/2"]
[Round "03"]
[TimeControl "180+2"]
[Date "2023.05.02"]
[WhiteClock "0:00:08"]
[BlackClock "0:00:42"]

1. d4 Nf6 2. c4 c6 3. Bf4 d5 4. e3 e6 5. Nc3 Bd6 6. Bg3 O-O 7. Bd3 Qe7 8. Nf3 Nbd7 9. O-O e5 10. cxd5 cxd5 11. Nb5 Bb8 12. dxe5 Nxe5 13. Nxe5 Bxe5 14. Nd4 Bd7 15. Qb3 b6 16. Rac1 Bxg3 17. hxg3 Rfc8 18. Rfd1 Qe5 19. Be2 Rxc1 20. Rxc1 Ne4 21. Bf3 h6 22. Qd3 Rc8 23. Rxc8+ Bxc8 24. Nc6 Qxb2 25. Bxe4 Qc1+ 26. Kh2 Qxc6 27. Bxd5 Qc7 28. e4 h5 29. f4 Bg4 30. Qd4 Be6 31. f5 Bxd5 32. exd5 Qd6 33. Kh3 Kf8 34. Qc4 Ke7 35. g4 hxg4+ 36. Kxg4 g6 37. fxg6 Qxg6+ 38. Kf3 Qf5+ 39. Ke3 Qg5+ 40. Kf3 Qf5+ 41. Ke3 Qg5+ 42. Kf3 Qf5+ 1/2-1/2


[Site "https://www.chess.com"]

[Event "Titled Tuesday Blitz May 2 Late 2023"]
[White "Prohaszka, Peter"]
[Black "Yoo, Christopher Woojin"]
[WhiteFideId "726265"]
[BlackFideId "30909694"]
[WhiteElo "2626"]
[BlackElo "2519"]
[Result "1-0"]
[Round "03"]
[TimeControl "180+2"]
[Date "2023.05.02"]
[WhiteClock "0:00:15"]
[BlackClock "0:00:02"]

1. d4 d5 2. Nf3 Nf6 3. c3 e6 4. Bg5 c5 5. Nbd2 Nc6 6. e3 h6 7. Bh4 Qb6 8. Qb1 Be7 9. Bd3 c4 10. Bc2 Qc7 11. Bg3 Bd6 12. e4 Nd7 13. O-O O-O 14. Re1 b5 15. a3 a5 16. Nf1 Rd8 17. Bxd6 Qxd6 18. e5 Qf8 19. Ng3 Rb8 20. Qd1 b4 21. axb4 axb4 22. Rc1 b3 23. Bb1 Ra8 24. Nh4 Ne7 25. Qg4 Kh8 26. Nh5 Qg8 27. Rcd1 Nf8 28. Rd2 Nf5 29. Nxf5 exf5 30. Bxf5 Bxf5 31. Qxf5 Ne6 32. h4 Ra7 33. Re3 Qh7 34. Qxh7+ Kxh7 35. Rf3 Rda8 36. Kh2 Rb7 37. Nf4 Nxf4 38. Rxf4 Ra2 39. Rf3 g6 40. Re3 Rb6 41. f4 h5 42. Kh3 Kg7 43. Re1 Rba6 44. g4 hxg4+ 45. Kxg4 Ra1 46. Rde2 Rxe1 47. Rxe1 Ra2 48. Re2 Kf8 49. h5 gxh5+ 50. Kxh5 Ra1 51. Kg5 Rg1+ 52. Kf6 Rg6+ 53. Kf5 Ke7 54. Rh2 Rg1 55. Re2 Rc1 56. e6 fxe6+ 57. Rxe6+ Kd7 58. Rh6 Rc2 59. Ke5 Rxb2 60. Kxd5 Rc2 61. Kxc4 b2 62. Rb6 Kc7 63. Rb4 Kc6 64. Kd3 Rh2 65. c4 Kd6 66. Kc3 Rf2 67. Rxb2 Rxf4 68. Rb6+ Kc7 69. Rb5 Kc6 70. Rc5+ Kd6 71. Rd5+ Kc6 72. Re5 Rf1 73. Re6+ Kd7 74. d5 Rb1 75. Kd4 Rh1 76. Kc5 Ra1 77. Rd6+ Kc7 78. Rh6 Ra5+ 79. Kd4 Ra1 80. Rh7+ Kb6 81. c5+ Ka6 82. Rh6+ Kb7 83. Rh7+ Ka6 84. d6 Rd1+ 85. Kc4 Rd2 86. Rg7 Rd1 87. Rc7 Rd2 88. Kc3 Rd1 89. Kb4 Rb1+ 90. Kc4 Rd1 91. Rc6+ Ka5 92. Rb6 Rc1+ 93. Kd5 Rh1 94. Kc6 Rh6 95. Rb8 Rg6 96. Ra8+ Kb4 97. Rd8 Kc4 98. Rc8 Rh6 99. Ra8 Kd4 100. Ra4+ Ke5 101. Kc7 Kd5 102. d7 Rh7 103. Kc8 Kc6 104. d8=Q 1-0


[Site "https://www.chess.com"]

[Event "Titled Tuesday Blitz May 2 Late 2023"]
[White "Zhigalko, Sergei"]
[Black "Iliaguev, Nisim"]
[WhiteFideId "13502956"]
[BlackFideId "2817276"]
[WhiteElo "2626"]
[BlackElo "2241"]
[Result "1-0"]
[Round "03"]
[TimeControl "180+2"]
[Date "2023.05.02"]
[WhiteClock "0:01:57"]
[BlackClock "0:01:25"]

1. e4 c6 2. d4 d5 3. e5 Bf5 4. Nf3 e6 5. Be2 Ne7 6. O-O c5 7. dxc5 Nd7 8. Be3 Nc6 9. c4 dxc4 10. Na3 Bxc5 11. Nxc4 O-O 12. Qc1 Rc8 13. Bxc5 Nxc5 14. Nd6 Bd3 15. Bxd3 Nxd3 16. Qe3 Nxb2 17. Nxc8 Qxc8 18. Qb3 1-0


[Site "https://www.chess.com"]

[Event "Titled Tuesday Blitz May 2 Late 2023"]
[White "Jaracz, Pawel"]
[Black "Dardha, Daniel"]
[WhiteFideId "1102222"]
[BlackFideId "240990"]
[WhiteElo "2438"]
[BlackElo "2581"]
[Result "0-1"]
[Round "03"]
[TimeControl "180+2"]
[Date "2023.05.02"]
[WhiteClock "0:00:07"]
[BlackClock "0:00:02"]

1. e4 e5 2. Nf3 Nc6 3. Bb5 Nf6 4. d3 d6 5. c3 a6 6. Ba4 g6 7. O-O Bg7 8. Re1 O-O 9. h3 b5 10. Bc2 Re8 11. a4 Rb8 12. axb5 axb5 13. Bg5 h6 14. Bh4 g5 15. Bg3 g4 16. hxg4 Bxg4 17. Bh4 Qd7 18. Nbd2 Nh5 19. Nf1 Nf4 20. Ne3 Bh5 21. Nf5 Re6 22. Bg3 Ne7 23. Bxf4 exf4 24. N5h4 Ng6 25. Qd2 Nxh4 26. Nxh4 Qd8 27. Nf5 Qg5 28. g3 fxg3 29. Qxg5 gxf2+ 30. Kxf2 hxg5 31. Bb3 Re5 32. d4 Ree8 33. Rg1 Bf6 34. Rh1 Bg6 35. Rh6 Bxf5 36. Rxf6 Bxe4 37. Rxf7 Rf8 38. Ke3 d5 39. Rxf8+ Rxf8 40. Rg1 Rf3+ 41. Ke2 Rf5 42. Ke3 Kg7 43. Bd1 Kg6 44. Bg4 Rf4 45. Bd7 Rf3+ 46. Ke2 b4 47. cxb4 Rb3 48. Kd2 Rxb4 49. Kc3 Rc4+ 50. Kb3 Rxd4 51. Rc1 Rd3+ 52. Kb4 Rd2 53. b3 Rc2 54. Ra1 c5+ 55. Kb5 d4 56. Be6 d3 57. Bc4 d2 58. Ra6+ Kf5 59. Rd6 Ke5 60. Re6+ Kd4 61. Rd6+ Ke3 62. Kxc5 Rc1 0-1


[Site "https://www.chess.com"]

[Event "Titled Tuesday Blitz May 2 Late 2023"]
[White "Ivic, Velimir"]
[Black "Sai Krishna G V"]
[WhiteFideId "950122"]
[BlackFideId "5028280"]
[WhiteElo "2563"]
[BlackElo "2359"]
[Result "0-1"]
[Round "03"]
[TimeControl "180+2"]
[Date "2023.05.02"]
[WhiteClock "0:01:00"]
[BlackClock "0:01:57"]

1. e4 e5 2. Nf3 Nc6 3. Bb5 a6 4. Ba4 d6 5. O-O Nf6 6. c3 Be7 7. Re1 b5 8. Bc2 O-O 9. h3 Bb7 10. d4 exd4 11. cxd4 Nb4 12. Nc3 c5 13. Bb1 Nd7 14. d5 c4 15. a3 Qa5 16. axb4 Qxa1 17. Qc2 a5 18. e5 g6 19. e6 fxe6 20. Rxe6 Bf6 21. Rxd6 axb4 22. Rxd7 bxc3 23. Rxb7 cxb2 24. Bh6 Qxb1+ 25. Qxb1 Ra1 26. Nd2 c3 0-1


[Site "https://www.chess.com"]

[Event "Titled Tuesday Blitz May 2 Late 2023"]
[White "Rosen, Eric"]
[Black "Babazada, Khazar"]
[WhiteFideId "2032562"]
[BlackFideId "13413554"]
[WhiteElo "2331"]
[BlackElo "2351"]
[Result "0-1"]
[Round "03"]
[TimeControl "180+2"]
[Date "2023.05.02"]
[WhiteClock "0:00:01"]
[BlackClock "0:00:24"]

1. d4 Nf6 2. Bf4 d5 3. e3 e6 4. Nf3 Bd6 5. Ne5 Nfd7 6. c4 dxc4 7. Nc3 Nc6 8. Nxc6 bxc6 9. Bg3 Nb6 10. Be2 O-O 11. O-O a5 12. Bf3 Qd7 13. Rc1 a4 14. a3 Bb7 15. Ne4 Rfb8 16. Nc5 Qe8 17. Re1 Ra5 18. Qd2 Rb5 19. Rc2 Bc8 20. Ne4 Qe7 21. Nc3 Bd7 22. Nxb5 cxb5 23. e4 Bxg3 24. hxg3 e5 25. Rd1 exd4 26. Qxd4 Be6 27. Qe5 Nc8 28. Bg4 Bxg4 29. f3 Be6 30. f4 f6 31. Qd4 Nd6 32. Qa7 Re8 33. Re1 Bd5 34. e5 Nf5 35. Qf2 Qd7 36. g4 Nh6 37. g5 Ng4 38. Qg3 fxe5 39. fxe5 Rf8 40. Rce2 Be6 41. Re4 Qd2 42. R4e2 Qd4+ 43. Kh1 Nf2+ 44. Kh2 Nd3 45. Re4 Qxb2 46. R1e2 Qxa3 47. g6 h6 48. Rh4 Qe7 49. Rd2 Rf5 50. Re2 Rg5 0-1


[Site "https://www.chess.com"]

[Event "Titled Tuesday Blitz May 2 Late 2023"]
[White "Quesada Perez, Yasser"]
[Black "Nasir, Zehn"]
[WhiteFideId "3509362"]
[BlackFideId "2613239"]
[WhiteElo "2496"]
[BlackElo "1993"]
[Result "1-0"]
[Round "03"]
[TimeControl "180+2"]
[Date "2023.05.02"]
[WhiteClock "0:00:38"]
[BlackClock "0:00:19"]

1. e4 c6 2. d4 d5 3. exd5 cxd5 4. Bd3 Nc6 5. c3 Qc7 6. Na3 a6 7. Nc2 Nf6 8. h3 g6 9. Nf3 Bg7 10. O-O O-O 11. Re1 Bf5 12. Bxf5 gxf5 13. Be3 e6 14. Qc1 Kh8 15. Bf4 Qd8 16. Ne5 Rc8 17. Qe3 Ne4 18. f3 Nd6 19. Qf2 Nxe5 20. dxe5 Nc4 21. Nd4 Qc7 22. Qe2 Rg8 23. Rac1 b5 24. Kh1 Qd8 25. Qf2 Qc7 26. Qe2 Qd8 27. b3 Nb6 28. Qf2 Nd7 29. Re3 b4 30. Qe2 Qb6 31. Qd2 Rc7 32. c4 Rgc8 33. Ree1 dxc4 34. Rxc4 Rxc4 35. bxc4 Rxc4 36. Nxf5 Qc7 37. Nxg7 Rxf4 38. Qxf4 Kxg7 39. Qg5+ Kf8 40. Rd1 Nb6 1-0


[Site "https://www.chess.com"]

[Event "Titled Tuesday Blitz May 2 Late 2023"]
[White "Remizov, Yaroslav"]
[Black "Simonian, Hrair"]
[WhiteFideId "34134015"]
[BlackFideId "13302337"]
[WhiteElo "2412"]
[BlackElo "2447"]
[Result "1-0"]
[Round "03"]
[TimeControl "180+2"]
[Date "2023.05.02"]
[WhiteClock "0:00:35"]
[BlackClock "0:00:12"]

1. e4 c5 2. Nf3 e6 3. d4 cxd4 4. Nxd4 a6 5. Nc3 b5 6. a4 b4 7. Nce2 Bb7 8. Ng3 Nc6 9. Nxc6 Bxc6 10. Bd3 Nf6 11. e5 Nd5 12. O-O Qc7 13. Re1 Bc5 14. Qg4 g6 15. Bh6 a5 16. Ne4 Be7 17. Qg3 f5 18. Nd6+ Bxd6 19. exd6 Qb6 20. Qh4 Bb7 21. Bg7 Rg8 22. Be5 g5 23. Qh5+ Kd8 24. Bxf5 exf5 25. Qf7 Kc8 26. Qxg8+ Qd8 27. Qxh7 f4 28. Rad1 Bc6 29. Qf5 Kb7 30. Rxd5 Bxd5 31. Bf6 Qg8 32. Qxd7+ 1-0


[Site "https://www.chess.com"]

[Event "Titled Tuesday Blitz May 2 Late 2023"]
[White "Leiva, Gianmarco"]
[Black "Indjic, Aleksandar"]
[WhiteFideId "3804399"]
[BlackFideId "911925"]
[WhiteElo "2345"]
[BlackElo "2614"]
[Result "0-1"]
[Round "03"]
[TimeControl "180+2"]
[Date "2023.05.02"]
[WhiteClock "0:00:01"]
[BlackClock "0:00:59"]

1. e4 e5 2. Nf3 Nc6 3. Bc4 Nf6 4. d3 d5 5. exd5 Nxd5 6. O-O Be7 7. Re1 f6 8. Nbd2 Bg4 9. c3 Nb6 10. Bb5 a6 11. Bxc6+ bxc6 12. h3 Bh5 13. d4 exd4 14. cxd4 O-O 15. Ne4 Re8 16. Ng3 Bf7 17. Be3 Qd7 18. Qc2 Nd5 19. Nh4 Bf8 20. Nhf5 a5 21. a3 Rab8 22. Rac1 Bg6 23. h4 h5 24. Bd2 Rxe1+ 25. Rxe1 Bd6 26. Rf1 Kh8 27. Qe4 Ne7 28. Nxd6 Bxe4 29. Ndxe4 Nf5 30. Bxa5 Rxb2 31. Nc5 Qd5 32. Bxc7 Nxh4 33. Nce4 f5 34. Bd8 fxe4 35. Bxh4 e3 36. Bg5 exf2+ 37. Kh2 Qxd4 38. Rxf2 Qxf2 0-1


[Site "https://www.chess.com"]

[Event "Titled Tuesday Blitz May 2 Late 2023"]
[White "Osinenko, Anton"]
[Black "Livaic, Leon"]
[WhiteFideId "4158970"]
[BlackFideId "14531534"]
[WhiteElo "2294"]
[BlackElo "2509"]
[Result "0-1"]
[Round "03"]
[TimeControl "180+2"]
[Date "2023.05.02"]
[WhiteClock "0:00:17"]
[BlackClock "0:00:22"]

1. e4 c5 2. Nf3 e6 3. c3 d5 4. exd5 exd5 5. d4 Nf6 6. Bd3 Nc6 7. O-O cxd4 8. Nxd4 Nxd4 9. cxd4 Be7 10. Nc3 O-O 11. h3 h6 12. Bf4 Bb4 13. Qb3 Qa5 14. Rac1 Be6 15. a3 Bxc3 16. Rxc3 Ne4 17. Rc2 Rac8 18. Rfc1 Rxc2 19. Qxc2 Qb6 20. Be3 Nd6 21. b3 Rc8 22. Qb2 Rxc1+ 23. Bxc1 Bf5 24. Be2 Bg6 25. Bd2 Nc4 26. Bxc4 dxc4 27. b4 Qc6 28. Bc3 f6 29. Qd2 Qd5 30. Qf4 Kh7 31. Qc7 b5 32. f3 Qg5 33. Be1 Qc1 34. Kf2 Qb2+ 35. Ke3 Qxa3+ 36. Kf2 Qb2+ 37. Ke3 Qa1 38. Bd2 Qg1+ 39. Ke2 Bd3# 0-1


[Site "https://www.chess.com"]

[Event "Titled Tuesday Blitz May 2 Late 2023"]
[White "Aldokhin, Ivan"]
[Black "Bakalchuk, Johnatan"]
[WhiteFideId "24115720"]
[BlackFideId "2810301"]
[WhiteElo "2322"]
[BlackElo "2450"]
[Result "1/2-1/2"]
[Round "03"]
[TimeControl "180+2"]
[Date "2023.05.02"]
[WhiteClock "0:00:06"]
[BlackClock "0:00:03"]

1. e4 g6 2. d4 Nf6 3. Nc3 d5 4. e5 Ne4 5. Nxe4 dxe4 6. c3 c5 7. Bc4 Nc6 8. Be3 cxd4 9. cxd4 Qa5+ 10. Kf1 Bg7 11. Ne2 O-O 12. Ng3 Rd8 13. Qb3 Nxd4 14. Bxf7+ Kf8 15. Bxd4 Rxd4 16. Bc4 Qxe5 17. h4 Bd7 18. Be2 h5 19. Qxb7 Rb8 20. Qxa7 Rxb2 21. Rd1 Rxd1+ 22. Bxd1 Bb5+ 23. Kg1 Qd4 24. Qxd4 Bxd4 25. Nxe4 Bc6 26. Bf3 Rxa2 27. Kh2 Bxf2 28. Nxf2 Bxf3 29. gxf3 Rxf2+ 30. Kg3 Ra2 31. Rb1 Kf7 32. Rb7 Ra1 33. Rb6 Rg1+ 34. Kf2 Rd1 35. Kg3 Rd6 36. Rb5 Kf6 37. Rb8 Re6 38. Rf8+ Ke5 39. Rg8 Kd4 40. Kf4 Rf6+ 41. Kg5 Rxf3 42. Rxg6 e5 43. Kxh5 e4 44. Kg4 Rf1 45. Rd6+ Kc3 46. h5 e3 47. Re6 Kd2 48. h6 e2 49. Kg5 Rh1 50. Kg6 e1=Q 51. Rxe1 Kxe1 52. h7 Rg1+ 53. Kf7 Rh1 54. Kg7 Kf2 55. h8=Q Rxh8 56. Kxh8 1/2-1/2


[Site "https://www.chess.com"]

[Event "Titled Tuesday Blitz May 2 Late 2023"]
[White "Perez Ponsa, Federico"]
[Black "Baskin, Robert"]
[WhiteFideId "117927"]
[BlackFideId "24662402"]
[WhiteElo "2590"]
[BlackElo "2472"]
[Result "1-0"]
[Round "03"]
[TimeControl "180+2"]
[Date "2023.05.02"]
[WhiteClock "0:00:06"]
[BlackClock "0:00:01"]

1. Nf3 d5 2. g3 Nf6 3. Bg2 c5 4. O-O e6 5. d3 Nc6 6. Nbd2 Be7 7. e4 O-O 8. Re1 Qc7 9. e5 Nd7 10. Qe2 b5 11. Nf1 Bb7 12. Bf4 Rfc8 13. Ne3 Qd8 14. h4 h6 15. h5 Bf8 16. Kh1 Ne7 17. g4 d4 18. Nf1 Nd5 19. Bh2 Be7 20. N1d2 c4 21. Ne4 Nc5 22. Rg1 cxd3 23. cxd3 Nxe4 24. dxe4 Nb4 25. Ne1 d3 26. Qd2 Nc2 27. Rd1 Nxe1 28. Rgxe1 Qd4 29. f4 Rd8 30. Bg1 Qc4 31. a3 Rac8 32. Re3 Qc2 33. Rxd3 Rxd3 34. Qxd3 Qxd3 35. Rxd3 Bc6 36. Bxa7 b4 37. axb4 Bxb4 38. Bd4 Bf8 39. Bc3 Rb8 40. Rd2 Rb3 41. Kh2 Rb8 42. Bf3 Ra8 43. Kg2 Ra1 44. Rd1 Ra2 45. Kf2 Bc5+ 46. Kg3 Ra8 47. Rc1 Bf8 48. Bd4 Bb5 49. Bc5 Rc8 50. b4 Rb8 51. Bxf8 Kxf8 52. Rc5 Bd7 53. Rc7 Ke8 54. Rc4 Bb5 55. Rd4 Rc8 56. f5 Rc3 57. Kf4 Rb3 58. Bd1 Rb2 59. f6 gxf6 60. exf6 Bd7 61. Ke5 Rf2 62. Bb3 Rb2 63. Rd3 Rg2 64. Bd1 Rb2 65. Rb3 Rd2 66. Bf3 Rc2 67. b5 Rc5+ 68. Kd6 Rxb5 69. Rxb5 Bxb5 70. g5 Kf8 71. g6 Be8 72. g7+ Kg8 73. Ke7 Ba4 74. Bg4 Bb3 75. Be2 Bc2 76. Bb5 Bb3 77. e5 1-0


[Site "https://www.chess.com"]

[Event "Titled Tuesday Blitz May 2 Late 2023"]
[White "Grigorov, Grigor"]
[Black "Msellek, Ilyass"]
[WhiteFideId "2907313"]
[BlackFideId "675938"]
[WhiteElo "2510"]
[BlackElo "2302"]
[Result "1-0"]
[Round "03"]
[TimeControl "180+2"]
[Date "2023.05.02"]
[WhiteClock "0:00:23"]
[BlackClock "0:00:15"]

1. d4 b6 2. e4 e6 3. Nf3 Bb7 4. Bd3 d6 5. O-O Nd7 6. Re1 Ne7 7. Nbd2 g6 8. c3 Bg7 9. Nf1 h6 10. Ng3 a6 11. Be3 O-O 12. Qd2 Kh7 13. h3 e5 14. Nh2 Ng8 15. f4 exd4 16. cxd4 c5 17. d5 b5 18. Rad1 c4 19. Bb1 a5 20. Nf3 b4 21. Bd4 Rc8 22. Rc1 Re8 23. Kh2 Bxd4 24. Qxd4 Ba6 25. e5 Qb6 26. Qd2 dxe5 27. fxe5 Qc5 28. Ne4 Qc7 29. d6 Qc6 30. Qf4 Kg7 31. Ng3 Nc5 32. Nd4 Qd7 33. Re3 Nd3 34. Bxd3 cxd3 35. Rf1 d2 36. Rd1 Bc4 37. b3 Be6 38. Rxd2 Rc5 39. Ne4 Rd5 40. Nf6 Nxf6 41. Qxf6+ Kh7 42. Red3 Rc5 43. Rf2 Bd5 44. Re3 Kg8 45. Ne2 a4 46. Nf4 Qf5 47. Nxd5 1-0


[Site "https://www.chess.com"]

[Event "Titled Tuesday Blitz May 2 Late 2023"]
[White "Mustafayev, Farid"]
[Black "Djordjevic, Vuk"]
[WhiteFideId "13408771"]
[BlackFideId "902098"]
[WhiteElo "2237"]
[BlackElo "2452"]
[Result "1-0"]
[Round "03"]
[TimeControl "180+2"]
[Date "2023.05.02"]
[WhiteClock "0:00:15"]
[BlackClock "0:00:05"]

1. c4 e5 2. g3 Nc6 3. Bg2 g6 4. Nc3 Bg7 5. Nf3 d6 6. O-O Be6 7. d3 h6 8. Rb1 Qd7 9. Nd5 Nd8 10. b4 c6 11. Nc3 Bh3 12. Bxh3 Qxh3 13. Ne4 Qe6 14. c5 d5 15. Nd6+ Kd7 16. Nxb7 Nxb7 17. b5 Ne7 18. Qa4 Rhb8 19. d4 cxb5 20. Rxb5 Qc6 21. Bxh6 Bh8 22. Qb4 Nf5 23. Be3 exd4 24. Bf4 Kc8 25. Bxb8 Rxb8 26. Rb1 Ne7 27. Nxd4 Bxd4 28. Qxd4 f6 29. Qb4 Qd7 30. c6 Nxc6 31. Qb2 Qd6 32. Qc2 Kc7 33. Qxg6 Nc5 34. Qf7+ Nd7 35. Kg2 Rxb5 36. Rxb5 Ne7 37. Rb3 d4 38. Qc4+ Nc6 39. h4 Ne5 40. Qg8 Na5 41. Qb8+ Kd7 42. Qxa7+ Qc7 43. Qxd4+ Ke6 44. Rb6+ Kf7 45. Qd5+ Kg7 46. Qxa5 Nc4 47. Qc3 Qxb6 48. Qxc4 Qb7+ 49. e4 Qa7 50. Qd5 Qb6 51. a4 Qa6 52. a5 Qa7 53. Qf5 Qc7 54. h5 Kh8 55. Qxf6+ Kh7 56. Qg6+ Kh8 57. Qg4 Qc5 58. h6 1-0


[Site "https://www.chess.com"]

[Event "Titled Tuesday Blitz May 2 Late 2023"]
[White "Kleiman, Jake"]
[Black "Flores, Diego"]
[WhiteFideId "2020041"]
[BlackFideId "108049"]
[WhiteElo "2399"]
[BlackElo "2613"]
[Result "1/2-1/2"]
[Round "03"]
[TimeControl "180+2"]
[Date "2023.05.02"]
[WhiteClock "0:00:08"]
[BlackClock "0:00:05"]

1. e4 c5 2. c3 Nf6 3. e5 Nd5 4. Bc4 Nb6 5. Bb3 d5 6. exd6 Qxd6 7. Nf3 Nc6 8. O-O c4 9. Bc2 Bg4 10. Qe2 e6 11. Na3 Be7 12. Nxc4 Nxc4 13. Qxc4 Bxf3 14. gxf3 O-O 15. f4 g6 16. d4 Bd8 17. Re1 Bc7 18. Qe2 Ne7 19. Qf3 Nd5 20. Be4 Rad8 21. a4 b6 22. Bd2 Nxf4 23. Bxf4 Qxf4 24. Qxf4 Bxf4 25. Rad1 Rd7 26. Kf1 Rfd8 27. h3 Kg7 28. Ke2 Kf6 29. Rd3 Kg7 30. Red1 f5 31. Bg2 Kf6 32. b4 Rc7 33. b5 Bd6 34. Bc6 Re7 35. Kf1 Bc7 36. c4 Kg5 37. c5 Kf6 38. Bf3 Bf4 39. Bc6 Bc7 40. Ra1 e5 41. dxe5+ Rxe5 42. Rxd8 Bxd8 43. cxb6 axb6 44. Re1 Rxe1+ 45. Kxe1 Ke5 46. Ke2 Kd4 47. Be8 Bc7 48. Bf7 g5 49. Be6 Ke5 50. Bg8 h5 51. Bf7 h4 52. Bh5 Kf4 53. Bf3 g4 54. Bg2 Ke5 55. Kd3 Bd6 56. Bf1 Bc5 57. Ke2 Kd4 58. Bg2 Ke5 59. Bf1 Kf4 60. Bg2 Ke5 61. Bf1 1/2-1/2


[Site "https://www.chess.com"]

[Event "Titled Tuesday Blitz May 2 Late 2023"]
[White "Sieciechowicz, Marcin"]
[Black "Karas, Marek"]
[WhiteFideId "1130170"]
[BlackFideId "14928558"]
[WhiteElo "2302"]
[BlackElo "2233"]
[Result "1-0"]
[Round "03"]
[TimeControl "180+2"]
[Date "2023.05.02"]
[WhiteClock "0:00:10"]
[BlackClock "0:00:01"]

1. d4 e6 2. Bf4 Nf6 3. e3 d5 4. c3 c5 5. Nd2 Bd6 6. Bg3 O-O 7. Ngf3 Qc7 8. Bd3 Nbd7 9. O-O Bxg3 10. hxg3 e5 11. Nxe5 Nxe5 12. dxe5 Qxe5 13. Nf3 Qh5 14. Nh2 Ng4 15. Nxg4 Bxg4 16. Qd2 Rad8 17. Rfe1 Rfe8 18. f3 Be6 19. g4 Qh4 20. Qf2 Qxf2+ 21. Kxf2 h6 22. Rad1 Rd6 23. Rd2 Red8 24. Red1 Kf8 25. Bc2 Ke7 26. Bb3 b6 27. a4 a5 28. Kg3 f6 29. Kf4 Bf7 30. Bc2 Be6 31. Kg3 R6d7 32. f4 Bf7 33. Bf5 Be6 34. Kf3 Bxf5 35. gxf5 Rd6 36. g4 R6d7 37. Rg1 Rh8 38. Rh2 Rdd8 39. Ke2 Kf7 40. Kd3 Rde8 41. g5 hxg5 42. Rxh8 Rxh8 43. fxg5 Rh4 44. b3 c4+ 45. bxc4 Rxc4 46. g6+ Ke7 47. Rh1 Rc7 48. Rh8 Kd6 49. Re8 Kc5 50. Rf8 Kd6 51. Rf7 Re7 52. Rxe7 Kxe7 53. c4 dxc4+ 54. Kxc4 Kd6 55. Kb5 Kc7 56. e4 1-0


[Site "https://www.chess.com"]

[Event "Titled Tuesday Blitz May 2 Late 2023"]
[White "Nakamura, Hikaru"]
[Black "Molenda, Marcin"]
[WhiteFideId "2016192"]
[BlackFideId "1173065"]
[WhiteElo "2885"]
[BlackElo "2286"]
[Result "1-0"]
[Round "03"]
[TimeControl "180+2"]
[Date "2023.05.02"]
[WhiteClock "0:02:04"]
[BlackClock "0:00:14"]

1. Nf3 Nf6 2. b3 g6 3. Bb2 Bg7 4. d4 O-O 5. e3 d5 6. c4 c6 7. Bd3 a5 8. a3 a4 9. b4 dxc4 10. Bxc4 Bf5 11. Nc3 Ne4 12. Nxe4 Bxe4 13. O-O Nd7 14. Nd2 Bd5 15. Bxd5 cxd5 16. Rc1 Qb6 17. Nb1 e6 18. Rc2 Rfc8 19. Rxc8+ Rxc8 20. Qxa4 Nf6 21. Nc3 h5 22. h3 h4 23. Rc1 g5 24. Qd1 Qa6 25. Nxd5 Rxc1 26. Nxf6+ Bxf6 27. Bxc1 Qc4 28. Bb2 b5 29. Qd2 Kg7 30. e4 Qb3 31. f3 Kh6 32. Kf2 Bd8 33. Ke2 Qc4+ 34. Qd3 Qa2 35. Qc3 Bf6 36. Kd2 Qb1 37. Qc1 Qa2 38. Qc2 Bg7 39. Kc1 Bf6 40. Qc3 Bg7 41. Kc2 f5 42. Qb3 Qxb3+ 43. Kxb3 fxe4 44. fxe4 1-0


[Site "https://www.chess.com"]